 Dungeon Crawl Stone Soup version 0.29.1-15-g9cfb28693d (webtiles) character file.

Game seed: 13834415627972487459

186 H0rd4k the Charlatan (level 5, -2/36 HPs)
             Began as an Octopode Artificer on Mar 30, 2023.
             Slain by a river rat (6 damage)
             ... in a sewer.
             The game lasted 00:02:57 (3186 turns).

H0rd4k the Charlatan (Octopode Artificer)           Turns: 3186, Time: 00:02:57

Health: -2/36      AC:  1    Str: 12    XL:     5   Next: 65%
Magic:  8/8        EV: 13    Int: 15    God:
Gold:   107        SH:  0    Dex: 12    Spells: 8/8 levels left

rFire   . . .      SeeInvis .     - Unarmed
rCold   . . .      Faith    .   (no shield)
rNeg    . . .      Spirit   .   a - +0 hat
rPois   .          Reflect  .   (no amulet)
rElec   .          Harm     .   (no ring)
rCorr   .          Rampage  .   (no ring)
Will    .....                   (no ring)
Stlth   ++++......              (no ring)
HPRegen 0.12/turn               (no ring)
MPRegen 0.11/turn               (no ring)
                                (no ring)
                                (no ring)

@: no status effects
A: almost no armour, amphibious, 8 rings, camouflage 1, gelatinous body 1,
nimble swimmer 1, tentacles
a: no special abilities


You were in a sewer.
You visited 1 branch of the dungeon, and saw 3 of its levels.
You also visited: Sewer.

You collected 107 gold pieces.

Inventory:

Armour
 a - a +0 hat (worn)
Wands
 b - a wand of flame (8) (quivered)
 c - a wand of charming (15)
 d - a wand of iceblast (4)
Scrolls
 e - 3 scrolls of identify {unknown}
 h - a scroll of fog {unknown}
 i - 2 scrolls of brand weapon {unknown}
 j - a scroll of summoning {unknown}
 k - a scroll of enchant armour {unknown}
 n - a scroll of vulnerability {unknown}
Potions
 f - 2 potions of degeneration {unknown}
 g - 2 potions of curing {unknown}
 l - a potion of lignification {unknown}
 m - a potion of invisibility {unknown}


   Skills:
 * Level 3.1 Fighting
 - Level 2.3 Dodging
 - Level 1.3 Stealth
 + Level 2.9 Unarmed Combat
 * Level 2.4 Spellcasting
 - Level 3.2 Evocations


You had 8 spell levels left.
You didn't know any spells.
Your spell library contained the following spells:

 Spells                   Type           Power      Damage    Failure   Level
 Beastly Appendage        Tmut           2%         N/A       22%         1
 Magic Dart               Conj           4%         1d3       22%         1
 Call Imp                 Summ           1%         N/A       32%         2
 Wereblood                Tmut           1%         N/A       32%         2
 Mephitic Cloud           Conj/Pois/Air  1%         N/A       54%         3
 Spider Form              Tmut/Pois      1%         N/A       54%         3


Dungeon Overview and Level Annotations

Branches:
Dungeon (3/15)              Sewer (1/1)

Altars:

Shops:
D:1 :


Innate Abilities, Weirdness & Mutations

You cannot wear most types of armour.
You are amphibious.
You can wear up to eight rings at the same time.
Your skin changes colour to match your surroundings (Stealth+).
Your rubbery body absorbs attacks. (AC +1, EV +1)
You are camouflaged when in or above water. (Stealth+)
You have tentacles for arms and can constrict up to eight enemies at once.


Message History

A rat and a river rat come into view.
You see here a rat corpse.
The rat barely misses you.
The ball python hisses angrily.
You closely miss the ball python. Your grab misses the ball python.
Your tentacle-slap misses the ball python.
The ball python closely misses you. The ball python barely misses you.
The rat bites you. The ball python barely misses you.
The ball python completely misses you.
You tentacle-slap the ball python but do no damage.
You grab the ball python. You constrict the ball python. The rat bites you.
The ball python bites you. The ball python barely misses you.
You release your grip on the ball python.
The ball python attacks as you move away!
The ball python closely misses you. The ball python barely misses you.
You see here a rat corpse.
The ball python bites you. The ball python barely misses you.
The ball python attacks as you move away!
The ball python misses you.
The ball python attacks as you move away!
The ball python closely misses you.
The ball python attacks as you move away!
The ball python bites you. The ball python misses you.
The ball python bites you. The ball python barely misses you.
The ball python attacks as you move away!
The ball python bites you.
* * * LOW HITPOINT WARNING * * *
You see here a ball python corpse.
You tentacle-slap the ball python.
You kill the ball python!
You closely miss the river rat. You grab the river rat.
You tentacle-slap the river rat.
The river rat is lightly wounded.
You constrict the river rat. The river rat bites you!
* * * LOW HITPOINT WARNING * * *
You tentacle-slap the river rat. Your squeeze misses the river rat.
The river rat is moderately wounded.
You constrict the river rat, but do no damage.
The river rat bites you.
You die...

#.....# #....# ##...#
#....# #....+ #...##
##.†.##
#....####################
#......≈r@≈~~~~.~≈~~≈≈..##
#.....~r≈≈~≈~~~~~~~≈≈≈~...
#......r~~~~#≈≈≈~~#~~~~...
##....~~~~~≈≈≈≈≈≈≈~≈≈~~...
##....~~≈≈≈≈≈≈≈≈≈≈≈~≈....
###..≈≈≈≈≈≈≈≈≈≈≈≈≈≈≈#...
####################.. ##.
##


You could see a river rat and 2 rats.

Vanquished Creatures
  A gnoll (D:1)
  6 adders
  4 river rats (Sewer)
  2 worms (D:2)
  A dart slug (D:1)
  8 endoplasms
  12 giant cockroaches
  7 goblins
  3 hobgoblins
  6 quokkas
  9 ball pythons
  3 bats
  3 frilled lizards
  3 kobolds (D:1)
  11 rats
79 creatures vanquished.

Notes
Turn   | Place    | Note
-------+----------+-------------------------------------------
     0 | D:1      | H0rd4k the Octopode Artificer began the quest for the Orb.
     0 | D:1      | Reached XP level 1. HP: 13/13 MP: 1/1
    36 | D:1      | Reached XP level 2. HP: 13/18 MP: 2/2
    53 | D:1      | Reached skill level 1 in Spellcasting
    86 | D:1      | Reached XP level 3. HP: 7/24 MP: 4/4
   666 | D:1      | Found a faded altar of an unknown god.
   932 | D:1      | Found Sisuz's Book Shoppe.
   962 | D:1      | HP: 1/24 [endoplasm (3)]
  1340 | D:2      | Reached skill level 1 in Unarmed Combat
  1637 | D:2      | Reached XP level 4. HP: 25/30 MP: 6/6
  2332 | D:2      | Reached XP level 5. HP: 35/36 MP: 8/8
  2519 | D:3      | Found a glowing drain.
  2551 | Sewer    | Entered a sewer
  3186 | Sewer    | Slain by a river rat

Illustrated notes

Levels and vault maps discovered:
D:1:      minmay_arrival_cross, layout_rooms,
          shapermc_ecumenical_altar_flowoftime, serial_shops, shop,
          minmay_misc_feat_iff
D:2:      minmay_skewed_foursquare, layout_basic, serial_forest,
          infiniplex_forest_corner_2, infiniplex_forest_3_way,
          infiniplex_forest_clump_tiny, infiniplex_forest_straight_2,
          infiniplex_forest_lined_room_3, infiniplex_forest_straight_1
D:3:      layout_rooms, lightli_temple_of_fire, gup_sewer_entry_pipe,
          serial_aquarium, aquarium_bridge_square [aquarium_subvault_bridge,
          aquarium_subvault_wall, aquarium_subvault_bridge,
          aquarium_subvault_bridge], aquarium_window_corner,
          aquarium_window_corner, aquarium_window_3, aquarium_window_2,
          aquarium_view_4, aquarium_view_2b
Sewer:    sewer_minmay_w

Skill      XL: |  1  2  3  4  5 |
---------------+----------------+-----
Spellcasting   | 1 2 |  2.4
Fighting       | 2 3 |  3.1
Unarmed Combat | 1 2 |  2.9
Dodging        | |  2.3
Stealth        | |  1.3
Evocations     | |  3.2

Action                   |  1- 3 |  4- 6 || total
-------------------------+-------+-------++-------
Melee: Unarmed           |    77 |   121 ||   198
       Tentacles         |    12 |    35 ||    47
       Constrict         |    18 |    33 ||    51
       Punch             |       |     3 ||     3
Evoke: Wand              |     8 |       ||     8
 Stab: Sleeping          |     6 |     7 ||    13
Armor: Skin              |     3 |    17 ||    20
Dodge: Dodged            |    40 |   105 ||   145
